 Dungeon Crawl Stone Soup version 0.29.1-1-gd02db6906a (webtiles) character file.

Game seed: 996981500868602629

153 lonewolfV2 the Caller (level 5, 0/21 HPs)
             Began as a Felid Summoner on Oct 17, 2022.
             Succumbed to a kobold brigand's poison
             ... in a sewer.
             The game lasted 00:10:24 (4180 turns).

lonewolfV2 the Caller (Felid Summoner)              Turns: 4180, Time: 00:10:25

Health: 0/21       AC:  1    Str:  4    XL:     5   Next: 12%
Magic:  4/11       EV: 19    Int: 18    God:
Gold:   126        SH:  0    Dex: 17    Spells: 2/11 levels left
                                        Lives:  0   Deaths: 1

rFire   . . .      SeeInvis +   (weapon unavailable)
rCold   . . .      Faith    .   (shield unavailable)
rNeg    . . .      Spirit   .   (body armour unavailable)
rPois   .          Reflect  .   (helmet unavailable)
rElec   .          Harm     .   (cloak unavailable)
rCorr   .          Rampage  .   (gloves unavailable)
Will    .....                   (boots unavailable)
Stlth   +++.......              (no amulet)
HPRegen 0.07/turn               (no ring)
MPRegen 0.12/turn               (no ring)

@: brilliant, lethally poisoned (0 -> -15), quick
A: very small, claws 1, fangs 3, see invisible, speed 1, shaggy fur 1, stealthy
paws, no weapons or thrown items, no armour, multi-lived
a: no special abilities


You were in a sewer.
You visited 1 branch of the dungeon, and saw 3 of its levels.
You also visited: Sewer.

You collected 126 gold pieces.

Inventory:

Jewellery
 e - a +6 ring of strength
Scrolls
 f - a scroll of fog {unknown}
 g - 4 scrolls of identify {unknown}
 j - a scroll of poison {unknown}
 k - 2 scrolls of teleportation
Potions
 a - 2 potions of magic
 b - a potion of berserk rage {unknown}
 c - a potion of mutation {unknown}
 d - a potion of attraction {unknown}
 h - a potion of curing {unknown}
 i - a potion of lignification {unknown}
 l - a potion of heal wounds {unknown}


   Skills:
 + Level 4.2 Dodging
 + Level 4.2 Stealth
 * Level 3.5 Spellcasting
 * Level 5.1 Summonings


You had 2 spell levels left.
You knew the following spells:

 Your Spells              Type           Power      Damage    Failure   Level
a - Summon Small Mammal   Summ           100%       N/A       1%          1
b - Call Imp              Summ           32%        N/A       2%          2
c - Call Canine Familiar  Summ           32%        N/A       5%          3
d - Summon Guardian Gole  Hex/Summ       18%        N/A       16%         3

Your spell library contained the following spells:

 Spells                   Type           Power      Damage    Failure   Level
 Scorch                   Fire           8%         2d5       24%         2
 Summon Lightning Spire   Summ/Air       18%        N/A       47%         4
 Flame Wave               Conj/Fire      4%         2d5       83%         4
 Leda's Liquefaction      Hex/Erth       2%         N/A       83%         4
 Summon Cactus Giant      Summ           16%        N/A       96%         6
 Portal Projectile        Hex/Tloc       Unusable   N/A       N/A         3

Dungeon Overview and Level Annotations

Branches:
Dungeon (3/15)              Sewer (1/1)

Altars:
Elyvilon

Shops:
D:1 *   D:2 ?

Annotations:
D:3 2 runed translucent doors


Innate Abilities, Weirdness & Mutations

You have sharp claws.
You have razor-sharp teeth.
You have supernaturally acute eyesight. (SInv)
You cover ground quickly. (Speed+)
You are covered in fur. (AC +1)
Your paws help you pounce on unaware monsters.
You are incapable of wielding weapons or throwing items.
You cannot wear armour.
You gain extra lives every three experience levels.


Message History

You feel sick.
You are no longer poisoned.
Your quokka bites the kobold brigand but does no damage.
Your quokka closely misses the kobold brigand.
The kobold completely misses your iron imp.
Your quokka completely misses the kobold brigand.
Casting: Summon Small Mammal (safe; 1% risk of failure)
Confirm with . or Enter, or press ? or * to list all spells.
The spell is extremely dangerous to miscast (16% risk of failure)!
Continue anyway?
A guardian golem appears, shielding your allies.
Your guardian golem disappears in a puff of smoke!
Your quokka barely misses the kobold brigand.
Your quokka bites the kobold brigand.
The kobold barely misses your iron imp.
The kobold brigand throws a curare-tipped dart.
The curare-tipped dart misses you.
The kobold brigand completely misses you.
Your quokka bites the kobold brigand.
The kobold barely misses your iron imp. The kobold misses your quokka.
The kobold barely misses your quokka.
The kobold brigand throws a poisoned dart.
The poisoned dart hits you!
You are lethally poisoned!
* * * LOW HITPOINT WARNING * * *
You feel sick.
Your iron imp disappears in a puff of smoke!
The kobold hits your guardian golem with a +0 whip.
The kobold brigand throws a poisoned dart.
The poisoned dart barely misses you.
The kobold brigand hits your quokka but does no damage.
It was a potion of brilliance.
You feel clever all of a sudden.
* * * LOW HITPOINT WARNING * * *
You feel sick.
Your quokka bites the kobold brigand.
The kobold hits your guardian golem but does no damage.
The kobold brigand barely misses your quokka.
The kobold brigand throws a poisoned dart.
The poisoned dart hits you!
You are more poisoned.
Your quokka bites the kobold brigand but does no damage.
You die...

##.....~#~≈~#.....
##K..P~~#~~~#....†
##9.K..~~#~≈~#.....
#.Kr...P.#~≈~#.....
#..K..P..#~≈~#P....
#........#~≈~#~~...
##.....~P#~≈~~~~~..
#.....~~#~~~#P~...
#@...P~~#~≈~~~~~..
##.....~~#~≈~#~~...
#.....~~P~~≈~#P....
#.....~~~~~≈~#.....
####..P~~~~≈~#.....
#....~~~~~~~#~~...
#.....P~#~≈~#~~...
#.....~~#~≈~#~~...
###...~~#~≈~~~~~..


You could see 2 kobold brigands, 2 kobolds, a friendly guardian golem (summoned)
and a friendly quokka (summoned, sheltered).

Vanquished Creatures
  An adder (Sewer)
  A bat (D:1)
  A goblin (D:1)
  A quokka (D:1)
  2 rats
6 creatures vanquished.

Vanquished Creatures (collateral kills)
  2 kobold brigands (Sewer)
  An adder (D:3)
  A worm (D:3)
  2 dart slugs
  6 ball pythons
  4 endoplasms
  6 giant cockroaches
  6 goblins
  3 hobgoblins
  13 kobolds
  2 quokkas (D:1)
  6 bats
  4 frilled lizards
  7 rats
63 creatures vanquished.

Vanquished Creatures (others)
  A fungus (Sewer)
  5 plants (Sewer)
6 creatures vanquished.

Grand Total: 75 creatures vanquished

Notes
Turn   | Place    | Note
-------+----------+-------------------------------------------
     0 | D:1      | lonewolfV2 the Felid Summoner began the quest for the Orb.
     0 | D:1      | Reached XP level 1. HP: 7/7 MP: 4/4
   613 | D:1      | Reached XP level 2. HP: 11/11 MP: 3/6
   735 | D:1      | Learned a level 2 spell: Call Imp
   874 | D:1      | Found Dosariof's Assorted Antiques.
  1306 | D:1      | Found a faded altar of an unknown god.
  1642 | D:1      | Reached XP level 3. HP: 14/14 MP: 2/7
  1922 | D:1      | Learned a level 3 spell: Call Canine Familiar
  2052 | D:1      | Found a white marble altar of Elyvilon.
  2704 | D:2      | Found Qiw Hedal's Magic Scroll Shoppe.
  2714 | D:2      | You fall into a shaft and drop 1 floor!
  2748 | D:3      | Found a large runed translucent door.
  2749 | D:3      | Found a large runed translucent door.
  2959 | D:3      | Reached XP level 4. HP: 18/18 MP: 3/9
  3140 | D:3      | Found a glowing drain.
  3330 | Sewer    | Entered a sewer
  3430 | Sewer    | Noticed a kobold brigand
  3438 | Sewer    | Killed a kobold brigand
  3439 | Sewer    | Reached XP level 5. HP: 21/21 MP: 5/10
  4049 | Sewer    | Slain by a kobold brigand
  4050 | Sewer    | Reached XP level 4. HP: 0/18 MP: 5/9
  4055 | Sewer    | Killed a kobold brigand
  4056 | Sewer    | Reached skill level 5 in Summonings
  4056 | Sewer    | Reached XP level 5. HP: 21/21 MP: 8/11
  4062 | Sewer    | Learned a level 3 spell: Summon Guardian Golem
  4180 | Sewer    | Succumbed to a kobold brigand's poison

Illustrated notes

Levels and vault maps discovered:
D:1:      sevenhm_arrival_forest_fort_small_6, layout_basic,
          shapermc_ecumenical_altar_pompeii, serial_shops, shop, st_stairs_7
D:2:      layout_basic, serial_shops, nicolae_shop_hallway_plus,
          kennysheep_generic_room_8
D:3:      layout_basic, jmf_multi_god_temple2, cheibrodos_sewer_entry_drain
Sewer:    kennysheep_pipe_town

Skill      XL: |  1  2  3  4  5 |
---------------+----------------+-----
Dodging        | 3 4 |  4.2
Stealth        | 3 4 |  4.2
Spellcasting   | 3 |  3.5
Summonings     | 5 |  5.1

Action                   |  1- 3 |  4- 6 || total
-------------------------+-------+-------++-------
Melee: Unarmed           |    13 |    15 ||    28
       Punch             |     1 |       ||     1
       Bite              |       |     2 ||     2
 Cast: Summon Small Mamm |    44 |    24 ||    68
       Call Imp          |    23 |     6 ||    29
       Call Canine Famil |     7 |     5 ||    12
       Summon Guardian G |       |     3 ||     3
  Use: Scroll            |     4 |       ||     4
       Potion            |       |     1 ||     1
Armor: Skin              |     5 |       ||     5
Dodge: Dodged            |    38 |    32 ||    70
